 Dungeon Crawl Stone Soup version 0.17-a0-1508-ge7f3dc3 (webtiles) character file.

15043 urechis the Fighter (level 12, -1/82 HPs)
             Began as a Kobold Berserker on July 10, 2015.
             Was a Priest of Trog.
             Slain by a manticore (19 damage)
             ... on level 11 of the Dungeon.
             The game lasted 00:43:03 (13940 turns).

urechis the Fighter (Kobold Berserker)             Turns: 13940, Time: 00:43:03

Health: -1/82      AC:  7    Str: 23    XL:     12   Next: 52%
Magic:  12/12      EV: 25    Int:  5    God:    Trog [***...]
Gold:   488        SH:  0    Dex: 19    Spells: 0 memorised, 11 levels left

rFire  . . .     SeeInvis .     b - +1 dagger (venom)
rCold  . . .     Clarity  .     N - +3 leather armour {rN+}
rNeg   + . .     SustAt   .     (shield restricted)
rPois  .         Gourm    .     (no helmet)
rElec  .         Spirit   .     (no cloak)
rCorr  .         Warding  .     n - +0 pair of gloves
rMut   .         Stasis   .     (no boots)
MR     ++...                    (no amulet)
Stlth  +++++.....               E - ring of stealth
                                I - +6 ring of strength

@: exhausted, regenerating, slowed, very slow, very resistant to hostile
enchantments, quite stealthy
A: carnivore 3
a: Burn Spellbooks, Berserk, Trog's Hand, Renounce Religion


You were on level 11 of the Dungeon.
You worshipped Trog.
Trog was most pleased with you.
You were not hungry.

You visited 1 branch of the dungeon, and saw 12 of its levels.
You also visited: Ossuary.

You collected 635 gold pieces.
You spent 147 gold pieces at shops.

Inventory:

Hand weapons
 a - a +2 rapier of holy wrath
 b - a +1 dagger of venom (weapon)
Missiles
 i - 11 needles of slowing
 k - 4 needles of paralysis
 v - 17 poisoned needles
 x - 2 throwing nets
 K - 20 tomahawks (quivered)
Armour
 n - a +0 pair of gloves (worn)
 N - a +3 leather armour of positive energy (worn)
 R - the +2 ring mail of Taungor {rN+ rCorr Int-4 SInv}
   (You found it on level 11 of the Dungeon)

   It affects your intelligence (-4).
   It protects you from negative energy.
   It lets you see invisible.
   It protects you from acid and corrosion.
 S - a +0 buckler
Jewellery
 e - an uncursed ring of fire
 f - an uncursed ring of fire
 E - a ring of stealth (right hand)
 I - a +6 ring of strength (left hand)
Magical devices
 D - a wand of magic darts (18)
 O - a wand of disintegration (18)
 U - a wand of slowing (34)
 V - a wand of magic darts (14)
 W - a wand of disintegration (9)
Scrolls
 d - 4 scrolls of recharging
 j - a scroll of blinking {unknown}
 l - a scroll of fog {unknown}
 m - 2 scrolls of enchant weapon
 q - 5 scrolls of remove curse
 r - a scroll of holy word {unknown}
 s - a scroll of random uselessness {unknown}
 t - 2 scrolls of magic mapping
 y - 2 scrolls of fear
 C - 3 scrolls of teleportation
 M - 2 scrolls of amnesia {unknown}
 T - a scroll of enchant armour {unknown}
Potions
 g - a potion of resistance {unknown}
 h - a potion of magic {unknown}
 o - 2 potions of agility {unknown}
 u - 2 potions of berserk rage {unknown}
 w - 2 potions of poison {unknown}
 z - 9 potions of curing
 A - a potion of degeneration {unknown}
 B - 2 potions of brilliance {unknown}
 F - 2 potions of heal wounds
 G - 2 potions of mutation {unknown}
 H - a potion of haste
 J - a potion of lignification {unknown}
 L - 2 potions of flight
Comestibles
 c - 5 meat rations
 p - 4 beef jerkies
 P - 2 slices of pizza
 Q - 9 royal jellies


   Skills:
 - Level 12.6 Fighting
 - Level 8.0 Short Blades
 - Level 1.5 Armour
 - Level 12.1 Dodging
 - Level 8.0 Stealth
 + Level 8.1 Shields


You had 11 spell levels left.
You didn't know any spells.

Dungeon Overview and Level Annotations

Branches:
Dungeon (12/15)            Temple (0/1) D:6            Lair (0/8) D:11
    Orc (0/4) D:10

Altars:
Ashenzari
Gozag
Makhleb
Nemelex Xobeh
Qazlal
Trog
Zin

Shops:
D:4 :(:(!   D:6 ?

Annotations:
D:12 Fannar


Innate Abilities, Weirdness & Mutations

You are small and have problems with some larger weapons.
You are carnivorous and can eat meat at any time.


Message History

You puncture Harold!
Harold is almost dead.
Harold casts a spell.
Harold blinks!
You feel a strong urge to attack something.
A manticore comes into view.
There is an open door here.
You feel your anger subside.
You are no longer berserk.
You are exhausted.
You feel yourself slow down. Trog accepts your kill.
Trog appreciates your killing of a magic user.
Your Shields skill increases to level 8!
You feel a bit more experienced. The manticore bites you!
* * * LOW HITPOINT WARNING * * *
The manticore misses you. The manticore closely misses you.
You hit the manticore but do no damage.
The manticore is poisoned.
The manticore bites you!!
You die...

# #......#.##.#...## #[ ####
#..............## #. ...#
####)#########.# ##. ##.# #.# #.#
#.. ##.# #)# ##'## ##. ##.# #)#
##...## #. ##.# #.# ##.....##
###. ##.# ##(## ##H......## ##.#>
...######...####@........####....
............>..'.........'.......
#######.....####.........####....
# #.##.## ##.......## ##.#. ##
#.#### ##.....## ###. .# #.#
########...## #. .# #.#
#.........## #. .# #.#
#.######..# #. ## #.# #.######..#
#.


You could see a manticore.

Vanquished Creatures
  Harold (D:11)
  4 hill giants
  2 ugly things (D:11)
  Joseph (D:7)
  The ghost of amnekian the Stinger, an experienced FoVM (D:4)
  3 trolls
  A komodo dragon (D:11)
  Grinder (D:6)
  3 slime creatures (D:12)
  Sigmund (D:6)
  10 yaks
  2 hippogriffs
  A wyvern (D:11)
  A mottled dragon (D:12)
  3 soldier ants
  2 orc warriors (D:11)
  An eye of draining (D:12)
  2 necrophages
  A black bear (D:8)
  An ice beast (D:10)
  The ghost of mrath the Skirmisher, an average HOWn (D:3)
  3 spiders (D:12)
  A wasp (D:9)
  13 centaurs
  3 ogres
  2 phantoms
  10 giant frogs
  3 elf zombies (Ossuary)
  21 killer bees
  3 scorpions
  A water moccasin skeleton (D:4)
  3 wights (D:11)
  7 crimson imps
  A giant frog zombie (D:11)
  6 centaur zombies (Ossuary)
  14 orc wizards
  3 centaur skeletons
  10 hounds
  5 orc priests
  2 jellies
  2 giant frog skeletons (D:10)
  3 human zombies (Ossuary)
  4 worker ants
  Natasha (thrice) (D:2)
  3 iguanas
  A centaur simulacrum (D:12)
  2 killer bee zombies
  3 mummies (Ossuary)
  2 worker ant zombies
  A hound skeleton (D:4)
  17 adders
  3 shadow imps
  4 white imps (D:12)
  2 oozes
  An adder skeleton (D:9)
  A worm zombie (D:6)
  An adder zombie (D:8)
  9 worms
  5 giant geckos
  57 orcs
  11 bats
  11 goblins
  16 hobgoblins
  8 jackals
  10 kobolds
  A quokka (D:6)
  A ball python (D:4)
  3 giant cockroaches
  5 giant newts
  A jackal zombie (D:6)
  A quokka skeleton (D:9)
  11 rats
  A rat zombie (D:6)
358 creatures vanquished.

Vanquished Creatures (others)
  29 plants (D:11)
29 creatures vanquished.

Grand Total: 387 creatures vanquished

Notes
Turn   | Place    | Note
--------------------------------------------------------------
     0 | D:1      | urechis the Kobold Berserker began the quest for the Orb.
     0 | D:1      | Reached XP level 1. HP: 14/14 MP: 1/1
    78 | D:1      | Reached skill level 1 in Stealth
   104 | D:1      | Reached XP level 2. HP: 4/19 MP: 2/2
   481 | D:1      | Reached XP level 3. HP: 20/23 MP: 3/3
   517 | D:1      | Acquired Trog's second power
   751 | D:2      | Noticed Natasha
   752 | D:2      | Killed Natasha
   752 | D:2      | Reached XP level 4. HP: 28/28 MP: 4/4
   838 | D:2      | Reached skill level 5 in Stealth
   880 | D:2      | Noticed Natasha
   899 | D:2      | Killed Natasha
  1148 | D:2      | Reached skill level 6 in Stealth
  1171 | D:2      | Reached XP level 5. HP: 26/32 MP: 5/5
  1263 | D:2      | Found a faded altar to an unknown god.
  1447 | D:2      | Noticed Natasha
  1450 | D:2      | Killed Natasha
  1460 | D:2      | Found a shattered altar of Ashenzari.
  1685 | D:3      | Noticed mrath's ghost (average HOWn)
  1744 | D:3      | Killed mrath's ghost
  1744 | D:3      | Reached skill level 7 in Stealth
  1744 | D:3      | Reached XP level 6. HP: 37/37 MP: 6/6
  1874 | D:3      | Found a stormy altar of Qazlal.
  2007 | D:3      | Reached skill level 8 in Stealth
  2288 | D:3      | Found a bloodstained altar of Trog.
  2288 | D:3      | Found a glowing silver altar of Zin.
  3012 | D:4      | Found Urittias's Weapon Emporium.
  3012 | D:4      | Noticed amnekian's ghost (experienced FoVM)
  3027 | D:4      | Killed amnekian's ghost
  3027 | D:4      | Reached skill level 5 in Fighting
  3027 | D:4      | Reached XP level 7. HP: 44/44 MP: 7/7
  3121 | D:4      | Found Hunu's Book Shop.
  3186 | D:4      | Found Ifuoh's Book Boutique.
  3399 | D:4      | Found Moupnud's Distillery.
  3401 | D:4      | Bought a potion of curing for 39 gold pieces
  3485 | D:4      | Reached XP level 8. HP: 49/51 MP: 8/8
  3516 | D:4      | Found Newkialead's Antique Weapon Boutique.
  3524 | D:4      | Bought a runed rapier for 108 gold pieces
  3631 | D:5      | Entered Level 5 of the Dungeon
  5072 | D:6      | Found a staircase to the Ecumenical Temple.
  5084 | D:6      | Reached XP level 9. HP: 57/57 MP: 9/9
  5132 | D:6      | Acquired Trog's third power
  5190 | D:6      | Found a burning altar of Makhleb.
  5267 | D:6      | Found a sand-covered staircase.
  5283 | Ossuary  | Entered an ossuary
  5293 | Ossuary  | Reached skill level 5 in Dodging
  5604 | D:6      | Noticed Grinder
  5617 | D:6      | Killed Grinder
  5641 | D:6      | Noticed Sigmund
  5647 | D:6      | Killed Sigmund
  5647 | D:6      | Reached skill level 9 in Fighting
  5804 | D:6      | Found Zexururgh's Magic Scroll Shop.
  6026 | D:7      | Noticed Joseph
  6050 | D:7      | Killed Joseph
  6050 | D:7      | Reached XP level 10. HP: 48/67 MP: 10/10
  6410 | D:7      | Reached skill level 10 in Fighting
  6707 | D:7      | Received a gift from Trog
  7635 | D:8      | Found an opulent altar of Gozag.
  7787 | D:8      | Found a sparkling altar of Nemelex Xobeh.
  8866 | D:9      | Reached skill level 11 in Fighting
  8866 | D:9      | Reached skill level 10 in Dodging
  9492 | D:10     | Entered Level 10 of the Dungeon
  9701 | D:10     | Reached XP level 11. HP: 58/74 MP: 11/11
  9708 | D:10     | Found a staircase to the Orcish Mines.
  9931 | D:10     | Noticed a hill giant
  9947 | D:10     | Killed a hill giant
  9947 | D:10     | Reached skill level 12 in Fighting
 10234 | D:10     | Noticed a hill giant
 10249 | D:10     | Killed a hill giant
 10627 | D:11     | Reached skill level 1 in Shields
 10965 | D:11     | Noticed a hill giant
 10979 | D:11     | Killed a hill giant
 11075 | D:11     | Got a transparent ring mail
 11086 | D:11     | Identified the +2 ring mail of Taungor {rN+ rCorr Int-4 SInv} (You found it on level 11 of the Dungeon)
 11350 | D:11     | Found a staircase to the Lair.
 11834 | D:11     | Noticed a red ugly thing
 11843 | D:11     | Killed a red ugly thing
 11843 | D:11     | Reached skill level 5 in Shields
 11843 | D:11     | Reached XP level 12. HP: 82/82 MP: 12/12
 13414 | D:12     | HP: 4/82 [centaur simulacrum (18)]
 13812 | D:12     | Noticed Harold
 13909 | D:12     | Noticed Fannar
 13939 | D:11     | Killed Harold
 13940 | D:11     | Slain by a manticore

Vault maps used:
D:1:      grunt_arrival_crossed_arrows
D:2:      lemuel_coloured_pillars_altar, ecumenical_altar_1, first_bread,
          serial_bayou_ford_a, uniq_natasha
D:3:      nicolae_overflow_crystal_walls, gammafunk_temple_overflow_elements
D:4:      serial_shops, shop, nicolae_shop_behind_doors, shop, shop_statue,
          nicolae_shop_waterfront
D:6:      lemuel_ice_spiral_2, lemuel_crystal_altar, minmay_temple_entry_glass,
          serial_shops, shop, enter_ossuary_3, st_stairs_11,
          hangedman_decor_push, amalloy_card_club, uniq_grinder, uniq_sigmund
D:7:      uniq_joseph
D:8:      nemelex_deck, nicolae_gozag_seed_capital
D:9:      hangedman_pestilent_swarm, grunt_ministairs_15
D:10:     orc_0_dummy
D:11:     david_lair_shrubbed, centaur_isle
D:12:     serial_ice, serial_ice_m, serial_ice_a, serial_ice_j, serial_ice_c,
          serial_ice_b, serial_ice_n, serial_ice_o, portal_ice_cave_entry_imps,
          spider_trap, uniq_harold, uniq_fannar
Ossuary:  ossuary_minmay_four_chambers

Action                   |  1- 3 |  4- 6 |  7- 9 | 10-12 || total
-------------------------+-------+-------+-------+-------++-------
Melee: Short sword       |    75 |   134 |     1 |       ||   210
       Dagger            |       |    53 |    49 |   720 ||   822
       Rapier            |       |       |   309 |   240 ||   549
Invok: Berserk           |     2 |     3 |     6 |    26 ||    37
       Trog's Hand       |       |     4 |     7 |    28 ||    39
       Burn Spellbooks   |       |       |       |     1 ||     1
  Use: Scroll            |       |       |     2 |     9 ||    11
       Potion            |       |       |       |     3 ||     3
 Stab: Sleeping          |     4 |    17 |    24 |    43 ||    88
       Distracted        |       |     2 |     1 |     1 ||     4
  Eat: Chunk             |     8 |    10 |    19 |    50 ||    87
